Dungeon Sprint DCSS version 0.21.1-1-g345015f (webtiles) character file.

12700000 Fang the Axe Maniac (level 27, -271/269 (273) HPs) Began as a Minotaur Gladiator on May 8, 2018. Was the Champion of Makhleb. Annihilated by a fleshlord ... wielding a +9 great mace (361 damage) ... in the Dungeon (Sprint VIII: "Arena of Blood"). The game lasted 00:01:41 (127 turns). Fang the Axe Maniac (Minotaur Gladiator) Turns: 127, Time: 00:01:42 HP: -271/269 (273)AC: 6 Str: 30 XL: 27 MP: 43/53 EV: 31 Int: 5 God: Makhleb [******] Gold: 0 SH: 0 Dex: 14 Spells: 80/80 levels left rFire . . . SeeInvis . l - +∞ Axe of Woe rCold . . . Gourm . (shield currently unavailable) rNeg . . . Faith . b - +0 leather armour rPois . Spirit . c - +0 hat rElec . Reflect . (no cloak) rCorr . Harm . (no gloves) MR ++... NoTele + (no boots) Stlth +++++++++. (no amulet) HPRegen 0.54/turn (no ring) MPRegen 0.33/turn (no ring) @: slowed, very slow A: retaliatory headbutt, horns 2 a: Minor Destruction, Lesser Servant of Makhleb, Major Destruction, Greater Servant of Makhleb, Renounce Religion You were in the Dungeon. You worshipped Makhleb. Makhleb was exalted by your worship. You were not hungry. You visited 1 branch

Inventory:

Hand Weapons
 a - a +0 war axe
 l - the +∞ Axe of Woe (weapon)
   (You found it in the Dungeon)
Missiles
 d - 3 throwing nets (quivered)
Armour
 b - a +0 leather armour (worn)
 c - a +0 hat (worn)
Scrolls
 k - a scroll of blinking
Potions
 e - a potion of curing
 g - a potion of heal wounds
 h - a potion of haste
 i - 2 potions of magic
 j - a potion of berserk rage
Comestibles
 f - a ration


   Skills:
 O Level 27 Fighting
 O Level 27 Axes
 O Level 27 Throwing
 O Level 27 Armour
 O Level 27 Dodging
 O Level 27 Stealth
 O Level 27 Unarmed Combat
 O Level 27 Spellcasting
 O Level 27 Invocations


You had 80 spell levels left.
You didn't know any spells.

Dungeon Overview and Level Annotations

Branches:
Dungeon (1/1)

Altars:
Makhleb


Innate Abilities, Weirdness & Mutations

You reflexively headbutt those who attack you in melee.
You have a pair of horns on your head.


Message History

You hear a shout! x2; You feel something staring at you.
A bolt of fire appears from out of thin air!
The bolt of fire hits the fleshlord.
The fleshlord completely resists.
Deactivating autopickup; reactivate with Ctrl-A.
The bolt of fire misses you.
The fleshlord casts a spell.
The fleshlord seems to speed up.
The reaper shouts, "Die, Fang!"
The reaper completely misses you.
You hear a shout!
An orc and a hell beast come into view.
You are too injured to fight recklessly!
Unknown command.
You are too injured to fight recklessly!
An ogre, a greater mummy and a vampire knight come into view.
The destroyer is wielding a +9 great sword of slicing.
You hear a shout!
The fleshlord hits you with a +9 great mace!!!!!!
Ouch! That really hurt!
You die...

.####.....##.#
#.............M
#o....%....#.#. .
#........V.O2O..
..O#...........V..
.o..#M..2..p......
....o.oo))........
......o)@p..D..%.%
......))#))...%.#
..#..OD.#.))%..%# ..
....2.###)))....###...
...o.%...).###%.......
...#XL.%.%)._.%)......
o#.......#.)..)#.. .
........#_%<._# ...
V%....#)))))#.....


You could see 2 accurseds, 2 meat beasts, a reaper, 2 eight-headed meat hydras,
2 destroyers, 2 fleshlords, a large abomination, 3 meat berserkers and 7 bags of
meat.

Vanquished Creatures
  Sigmund (D)
  5 hell beasts (D)
  6 greater mummies (D)
  4 great orbs of eyes (D)
  Harold (D)
  13 vampire knights (D)
  31 ogres (D)
  8 two-headed ogres (D)
  5 liches (D)
  4 hydras (D)
  55 orcs (D)
  7 phantoms (D)
  4 skeletal warriors (D)
  2 sea snakes (D)
  4 large abominations (D)
  4 small abominations (D)
  4 crawling corpses (D)
158 creatures vanquished.

Vanquished Creatures (others)
  5 crawling corpses (D)
5 creatures vanquished.

Grand Total: 163 creatures vanquished

Notes
Turn   | Place    | Note
-------+----------+-------------------------------------------
     0 | D        | Found the +∞ Axe of Woe
     0 | D        | Fang the Minotaur Gladiator began the quest for the Orb.
     0 | D        | Reached XP level 1. HP: 18/18 MP: 0/0
     3 | D        | Noticed a bag of meat
     4 | D        | Became a worshipper of Makhleb the Destroyer
     5 | D        | Noticed a bag of meat
     5 | D        | Noticed a bag of meat
     6 | D        | Noticed a bag of meat
     6 | D        | Noticed a bag of meat
     6 | D        | Killed a bag of meat
     6 | D        | Reached XP level 2. HP: 41/41 MP: 1/1
     6 | D        | Reached XP level 3. HP: 48/48 MP: 2/2
     6 | D        | Reached XP level 4. HP: 56/56 MP: 3/3
     6 | D        | Reached XP level 5. HP: 62/62 MP: 4/4
     6 | D        | Reached XP level 6. HP: 70/70 MP: 5/5
     6 | D        | Reached XP level 7. HP: 77/77 MP: 6/6
     6 | D        | Reached XP level 8. HP: 83/83 MP: 7/7
     6 | D        | Reached XP level 9. HP: 90/90 MP: 8/8
     6 | D        | Reached XP level 10. HP: 97/97 MP: 9/9
     6 | D        | Reached XP level 11. HP: 104/104 MP: 10/10
     7 | D        | Noticed a meat berserker
     7 | D        | Noticed a bag of meat
     8 | D        | Killed a bag of meat
     8 | D        | Reached * piety under Makhleb
     8 | D        | Reached XP level 12. HP: 87/116 MP: 11/11
     9 | D        | Noticed a meat berserker
     9 | D        | Noticed a meat berserker
     9 | D        | Killed a meat berserker
     9 | D        | Reached skill level 27 in Axes
     9 | D        | Reached XP level 13. HP: 97/128 MP: 12/12
     9 | D        | Reached XP level 14. HP: 104/137 MP: 13/13
    10 | D        | Noticed a bag of meat
    10 | D        | Killed a bag of meat
    12 | D        | Noticed a bag of meat
    12 | D        | Killed a bag of meat
    12 | D        | Reached ** piety under Makhleb
    12 | D        | Reached skill level 27 in Dodging
    12 | D        | Reached XP level 15. HP: 155/155 MP: 14/14
    14 | D        | Killed a meat berserker
    14 | D        | Reached skill level 5 in Armour
    15 | D        | Noticed a meat berserker
    15 | D        | Killed a meat berserker
    15 | D        | Reached skill level 27 in Fighting
    15 | D        | Reached XP level 16. HP: 183/183 MP: 15/15
    16 | D        | Reached *** piety under Makhleb
    18 | D        | Killed a meat berserker
    18 | D        | Reached skill level 27 in Throwing
    18 | D        | Reached XP level 17. HP: 191/191 MP: 16/16
    20 | D        | Noticed a large bag of meat
    20 | D        | Reached **** piety under Makhleb
    20 | D        | Reached skill level 27 in Armour
    20 | D        | Reached skill level 10 in Unarmed Combat
    20 | D        | Reached skill level 10 in Invocations
    20 | D        | Reached XP level 18. HP: 200/200 MP: 16/27
    22 | D        | Noticed a large bag of meat
    22 | D        | Noticed a meat berserker
    22 | D        | Noticed a meat berserker
    23 | D        | Killed a large bag of meat
    23 | D        | Reached skill level 15 in Unarmed Combat
    23 | D        | Reached skill level 10 in Spellcasting
    25 | D        | Killed a meat berserker
    25 | D        | Reached skill level 15 in Stealth
    25 | D        | Reached XP level 19. HP: 207/207 MP: 16/34
    26 | D        | Killed a meat berserker
    26 | D        | Reached ***** piety under Makhleb
    30 | D        | Reached skill level 15 in Spellcasting
    31 | D        | Noticed an eight-headed meat hydra
    31 | D        | Noticed a meat berserker
    32 | D        | Noticed an eight-headed meat hydra
    32 | D        | Noticed a destroyer
    32 | D        | Noticed a destroyer
    34 | D        | Killed a nine-headed meat hydra
    34 | D        | Reached XP level 20. HP: 157/216 MP: 18/39
    36 | D        | Noticed a destroyer
    36 | D        | Killed a destroyer
    36 | D        | Killed a large bag of meat
    36 | D        | Reached ****** piety under Makhleb
    38 | D        | Killed a nine-headed meat hydra
    38 | D        | Killed a destroyer
    38 | D        | Reached skill level 27 in Unarmed Combat
    38 | D        | Reached XP level 21. HP: 197/224 MP: 19/44
    38 | D        | Killed a destroyer
    38 | D        | Reached skill level 27 in Stealth
    38 | D        | Reached skill level 27 in Invocations
    40 | D        | Noticed a large bag of meat
    40 | D        | Noticed a destroyer
    40 | D        | Noticed a large bag of meat
    41 | D        | Killed a large bag of meat
    42 | D        | Noticed a large bag of meat
    45 | D        | Noticed a large bag of meat
    47 | D        | Noticed a tyrant
    48 | D        | Reached skill level 27 in Spellcasting
    48 | D        | Reached XP level 22. HP: 233/233 MP: 22/52
    49 | D        | Noticed a destroyer
    49 | D        | Noticed a destroyer
    49 | D        | Reached XP level 23. HP: 240/240 MP: 22/53
    49 | D        | Killed a large bag of meat
    50 | D        | Killed a destroyer
    51 | D        | Noticed a destroyer
    51 | D        | Reached XP level 24. HP: 249/249 MP: 23/53
    52 | D        | Noticed an accursed
    54 | D        | Killed a large bag of meat
    55 | D        | Noticed a large bag of meat
    55 | D        | Noticed The Servant
    55 | D        | Killed a destroyer
    57 | D        | Killed a destroyer
    57 | D        | Reached XP level 25. HP: 257/257 MP: 24/53
    59 | D        | Noticed a tyrant
    59 | D        | Killed a tyrant
    60 | D        | Killed a destroyer
    62 | D        | Reached XP level 26. HP: 266/266 MP: 25/53
    65 | D        | Killed an accursed
    65 | D        | Reached XP level 27. HP: 272/272 MP: 26/53
    65 | D        | Killed a tyrant
    66 | D        | Killed a large bag of meat
    67 | D        | Noticed a destroyer
    68 | D        | Killed a destroyer
    69 | D        | Noticed a meat beast
    70 | D        | Killed The Servant
    73 | D        | Noticed an accursed
    73 | D        | Killed a large bag of meat
    77 | D        | Noticed a destroyer
    80 | D        | Killed a destroyer
    85 | D        | Killed an accursed
    88 | D        | Noticed a tyrant
    90 | D        | Noticed a meat beast
    90 | D        | Noticed The Captor
    90 | D        | Noticed a meat beast
    91 | D        | Noticed a large bag of meat
    91 | D        | Noticed a destroyer
    93 | D        | Killed a destroyer
    94 | D        | Noticed a meat beast
    94 | D        | Killed a meat beast
    96 | D        | Noticed an accursed
    96 | D        | Killed a tyrant
    97 | D        | Killed a meat beast
    98 | D        | Noticed an accursed
    99 | D        | Killed a large bag of meat
    99 | D        | Killed a meat beast
   100 | D        | Killed The Captor
   102 | D        | Noticed a destroyer
   102 | D        | Noticed a destroyer
   104 | D        | Noticed an accursed
   105 | D        | Killed an accursed
   108 | D        | Killed a destroyer
   109 | D        | Noticed a meat beast
   110 | D        | Noticed an accursed
   110 | D        | Killed an accursed
   114 | D        | Noticed a destroyer
   115 | D        | Noticed a tyrant
   116 | D        | Killed an accursed
   118 | D        | Noticed a tyrant
   118 | D        | Noticed a destroyer
   118 | D        | Noticed a meat beast
   120 | D        | Noticed an accursed
   120 | D        | HP: 2/269 [something/bolt of negative energy (103)]
   121 | D        | Noticed a fleshlord
   121 | D        | Killed a tyrant
   121 | D        | Killed a destroyer
   122 | D        | Killed a destroyer
   123 | D        | Killed an accursed
   124 | D        | Noticed a large bag of meat
   124 | D        | Noticed a fleshlord
   124 | D        | Noticed a destroyer
   124 | D        | Noticed a tyrant
   124 | D        | Killed a meat beast
   125 | D        | Killed a meat beast
   126 | D        | Noticed a meat beast
   126 | D        | Killed a tyrant
   127 | D        | Noticed a meat beast
   127 | D        | Noticed a destroyer
   127 | D        | Noticed an accursed
   127 | D        | Annihilated by a fleshlord

Skill      XL: |  1  2  3  4  5  6  7  8  9 10 11 12 13 14 15 16 17 18 19 20 21 |
---------------+----------------------------------------------------------------+-----
Fighting       | 12 13 16 19 27 | 27.0
Axes           | 20 23 27 | 27.0
Throwing       | 9 11 13 16 24 27 | 27.0
Dodging        | 18 21 24 27 | 27.0
Armour         | 3 7 22 27 | 27.0
Stealth        | 9 15 20 25 27 | 27.0
Unarmed Combat | 10 18 24 27 | 27.0
Spellcasting   | 7 12 16 20 27 | 27.0
Invocations    | 10 16 22 26 27 | 27.0

Action                   |  1- 3 |  4- 6 |  7- 9 | 10-12 | 13-15 | 16-18 | 19-21 | 22-24 | 25-27 || total
-------------------------+-------+-------+-------+-------+-------+-------+-------+-------+-------++-------
Melee: Executioner's axe |     1 |       |       |     2 |     4 |     5 |    10 |     9 |    54 ||    85
Armor: Leather armour    |       |       |       |       |       |       |       |       |     2 ||     2
Dodge: Dodged            |       |       |       |       |       |       |     1 |       |    17 ||    18
